 Dungeon Crawl Stone Soup version 0.29.1-12-g30fa7ad0bf (webtiles) character file.

Game seed: 9426797491150573364

37 KittyFluff the Trooper (level 3, 0/34 HPs)
             Began as a Gargoyle Berserker on Jan 8, 2023.
             Was a Believer of Trog.
             Slain by a gnoll
             ... wielding a +0 spear
              (3 damage)
             ... on level 2 of the Dungeon.
             The game lasted 00:04:32 (1437 turns).

KittyFluff the Trooper (Gargoyle Berserker)         Turns: 1437, Time: 00:04:32

Health: 0/34       AC:  7    Str: 22    XL:     3   Next: 41%
Magic:  3/3        EV: 12    Int:  7    God:    Trog [**....]
Gold:   79         SH:  0    Dex: 15    Spells: 2/2 levels left

rFire   . . .      SeeInvis .   a - +0 mace
rCold   . . .      Faith    .   (no shield)
rNeg    + . .      Spirit   .   g - +2 robe {Will+}
rPois   ∞          Reflect  .   (no helmet)
rElec   +          Harm     .   (no cloak)
rCorr   .          Rampage  .   (no gloves)
Will    +....                   (no boots)
Stlth   ..........              (no amulet)
HPRegen 0.11/turn               d - +6 ring of dexterity
MPRegen 0.08/turn               (no ring)

@: berserking, very quick
A: sickness immunity, AC +3, negative energy resistance 1, electricity
resistance, torment resistance 1, petrification resistance
a: Renounce Religion, Berserk, Trog's Hand


You were on level 2 of the Dungeon.
You worshipped Trog.
Trog was pleased with you.
You visited 1 branch of the dungeon, and saw 2 of its levels.

You collected 79 gold pieces.

Inventory:

Hand Weapons
 a - a +0 mace (weapon)
 k - a +0 sling
Missiles
 n - 6 javelins (quivered)
 o - 11 stones
Armour
 b - a +0 animal skin
 g - a +2 robe of willpower (worn)
Jewellery
 d - a +6 ring of dexterity (left hand)
Scrolls
 f - a scroll of poison {unknown}
 m - 2 scrolls of teleportation {unknown}
 q - a scroll of identify {unknown}
Potions
 c - a potion of degeneration {unknown}
 e - a potion of ambrosia {unknown}
 h - 2 potions of attraction {unknown}
 i - a potion of haste {unknown}
 j - a potion of might {unknown}
 l - a potion of curing {unknown}
 p - a potion of cancellation {unknown}


   Skills:
 + Level 3.6 Fighting
 + Level 3.3 Maces & Flails
 * Level 3.0 Armour
 + Level 2.0 Dodging


You had 2 spell levels left.
You didn't know any spells.
Your spell library was empty.

Dungeon Overview and Level Annotations

Branches:
Dungeon (2/15)

Altars:


Innate Abilities, Weirdness & Mutations

You are immune to sickness and miasma.
Your stone body is resilient. (AC +3)
You are immune to poison.
You resist negative energy. (rN+)
You are resistant to electric shocks. (rElec)
You are resistant to unholy torment.
You are immune to petrification.


Message History

A quokka and 3 gnolls come into view.
The gnoll shouts! x2
The quokka barely misses you.
The gnoll shouts!
The quokka misses you.
You closely miss the quokka. The quokka barely misses you.
You closely miss the quokka. The quokka barely misses you.
The gnoll hits you but does no damage. The quokka barely misses you.
You closely miss the quokka. The quokka misses you.
The gnoll barely misses you.
You closely miss the quokka.
The quokka bites you but does no damage.
The gnoll hits you from afar with a +0 spear!
The quokka misses you.
You hit the quokka.
The quokka is severely wounded.
The gnoll hits you from afar with a +0 spear!
The quokka bites you but does no damage.
The gnoll closely misses you.
You miss the quokka.
The quokka is severely wounded.
The quokka barely misses you. The gnoll hits you but does no damage.
The quokka bites you but does no damage.
You barely miss the quokka. You punch the quokka, but do no damage.
The quokka is severely wounded.
The quokka closely misses you. The gnoll hits you but does no damage.
You miss the quokka.
The quokka is severely wounded.
The quokka closely misses you.
The gnoll hits you from afar with a +0 spear.
The quokka barely misses you.
A red film seems to cover your vision as you go berserk!
You feel yourself moving faster!
You feel mighty!
The gnoll hits you from afar with a +0 spear!
* * * LOW HITPOINT WARNING * * *
The quokka bites you but does no damage.
You miss the quokka.
The quokka is heavily wounded.
The gnoll hits you from afar with a +0 spear.
You die...

#... #... ####...
#....#. #.#####
#....#. #.##.#.
############.##.#.
#@.........#.##...
#r########.#.###..
#g# #.#)# ##. #g#
#.#.## ## #g#
#....# #.# #....#
#.#########...####
#.................
.######.######.


You could see 3 gnolls and a quokka.

Vanquished Creatures
  A worm (D:2)
  4 bats (D:1)
  2 endoplasms
  4 giant cockroaches (D:1)
  6 goblins
  5 hobgoblins (D:1)
  2 jackals (D:1)
  2 ball pythons
  A frilled lizard (D:1)
  A kobold (D:2)
  3 rats (D:1)
31 creatures vanquished.

Notes
Turn   | Place    | Note
-------+----------+-------------------------------------------
     0 | D:1      | KittyFluff the Gargoyle Berserker began the quest for the
                  | Orb.
     0 | D:1      | Reached XP level 1. HP: 14/14 MP: 1/1
   288 | D:1      | Reached XP level 2. HP: 19/19 MP: 2/2
   874 | D:1      | Found a faded altar of an unknown god.
   976 | D:1      | Reached XP level 3. HP: 22/23 MP: 3/3
  1011 | D:1      | Reached ** piety under Trog
  1437 | D:2      | Slain by a gnoll

Illustrated notes

Levels and vault maps discovered:
D:1:      lemuel_arrival_cross, layout_loops_ring,
          shapermc_ecumenical_altar_mp_highgroup
D:2:      layout_loops_ring

Skill      XL: |  1  2  3 |
---------------+----------+-----
Armour         | 3 |  3.0
Dodging        | 2 |  2.0
Fighting       | |  3.6
Maces & Flails | |  3.3

Action                   || total
-------------------------++-------
Melee: Mace              ||    88
       Punch             ||     3
Invok: Berserk           ||     1
Armor: Animal skin       ||     5
       Robe              ||    29
Dodge: Dodged            ||    65
